 Dungeon Crawl Stone Soup version 0.31.0-32-g396128a36d (webtiles) character file.

Game seed: 11517016492124273476

49 spacecowgir1 the Ruffian (level 3, -1/36 HPs)
             Began as a Troll Berserker on Mar 18, 2024.
             Was a Believer of Trog.
             Killed by an exploding kobold (37 damage)
             ... ignited by their inner flame
             ... on level 2 of the Dungeon.
             The game lasted 00:08:24 (832 turns).

spacecowgir1 the Ruffian (Troll Berserker)           Turns: 832, Time: 00:08:26

Health: -1/36      AC:  5    Str: 27    XL:     3   Next: 53%
Magic:  2/2        EV: 10    Int:  3    God:    Trog [**....]
Gold:   26         SH:  0    Dex:  9    Spells: 2/2 levels left

rFire   . . .        g - +2 mace (venom)
rCold   . . .        (no shield)
rNeg    . . .        d - +1 robe {m}
rPois   .            (helmet restricted)
rElec   .            (no cloak)
rCorr   .            (gloves unavailable)
SInv    +            (boots unavailable)
Will    .....        (no amulet)
Stlth   +            a - ring of see invisible
HPRegen 1.06/turn    (no ring)
MPRegen 0.08/turn

%: no passive effects
@: no status effects
A: large, unfitting armour, claws 3, regeneration 1, shaggy fur 1, tough skin 1
a: Renounce Religion, Berserk, Trog's Hand


You were on level 2 of the Dungeon.
You worshipped Trog.
Trog was pleased with you.
You visited 1 branch of the dungeon, and saw 2 of its levels.

You collected 26 gold pieces.

Inventory:

Hand Weapons
 g - a +2 mace of venom (weapon)
Armour
 d - a +1 robe (worn) {m}
Jewellery
 a - a ring of see invisible (left claw)
 f - a ring of protection from fire
Scrolls
 c - a scroll of blinking {unknown}
 e - a scroll of vulnerability {unknown}


   Skills:
 + Level 2.8 Fighting
 + Level 1.2 Maces & Flails
 + Level 2.9 Dodging
 + Level 3.3 Unarmed Combat


You had 2 spell levels left.
You didn't know any spells.
Your spell library was empty.

Dungeon Overview and Level Annotations

Branches:
Dungeon (2/15)

Altars:


Innate Abilities, Weirdness & Mutations

You are too large for most types of armour.
You have claws for hands.
Your natural rate of healing is unusually fast.
You are covered in fur. (AC +1)
You have tough skin. (AC +1)


Message History

The hobgoblin shouts!
The hobgoblin barely misses you.
You hit the hobgoblin.
The hobgoblin is almost dead.
The hobgoblin misses you. The hobgoblin closely misses you.
You closely miss the hobgoblin.
The hobgoblin is almost dead.
The hobgoblin hits you but does no damage.
You hit the hobgoblin but do no damage.
The hobgoblin is poisoned.
The hobgoblin is almost dead.
The hobgoblin barely misses you.
You barely miss the hobgoblin.
The hobgoblin is almost dead.
You kill the hobgoblin!
Trog accepts your kill.
Found a stone staircase leading down.
Found a scroll labelled GEUWKOU DADGHATOGRY.
There is a stone staircase leading down here.
A goblin comes into view. It is wielding a +0 dagger.
The goblin shouts!
You see here a scroll labelled GEUWKOU DADGHATOGRY.
You sock the goblin!
You kill the goblin!
Trog accepts your kill.
Things that are here:
a +0 dagger; a goblin corpse
c - a scroll labelled GEUWKOU DADGHATOGRY
As you read the scroll labelled LAUNES MOXEBBI, it crumbles to dust.
The creatures around you are filled with an inner flame!
It was a scroll of immolation.
You barely miss the kobold. The kobold hits you with a +0 whip.
You barely miss the kobold. The kobold barely misses you.
The kobold hits you but does no damage.
You hit the kobold. Trog accepts your kill.
You can now call upon Trog for regeneration and willpower.
The kobold explodes!
The fiery explosion engulfs you!!!
Ouch! That really hurt!
You die...

## .. ####.#### ####
S.......# ###.. #<#
##.#.# #.# ##....#
#K# #.....# # #.#
##....#########.# #.#
#§@.....>.......# #.#
#§#)#.#.###.....#
....§§....#.###.##.##
#.###.#+###.........#
#. .....##.##..# #.
..#.........# ..
...#.##.#.#.# ..
.....##.....#
.................#


There were no monsters in sight!

Vanquished Creatures
  An adder (D:2)
  2 dart slugs
  4 endoplasms
  4 giant cockroaches
  3 goblins
  3 hobgoblins
  4 jackals (D:1)
  2 quokkas (D:1)
  2 ball pythons (D:1)
  A bat (D:1)
  A frilled lizard (D:1)
  3 kobolds
  3 rats (D:1)
33 creatures vanquished.

Notes
Turn   | Place    | Note
-------+----------+-------------------------------------------
     0 | D:1      | spacecowgir1 the Troll Berserker began the quest for the
                  | Orb.
     0 | D:1      | Reached XP level 1. HP: 22/22 MP: 0/0
   180 | D:1      | Reached XP level 2. HP: 29/29 MP: 1/1
   306 | D:1      | Found The Oracle's Delphic Readings.
   464 | D:1      | Reached XP level 3. HP: 34/36 MP: 2/2
   714 | D:2      | Reached skill level 1 in Maces & Flails
   832 | D:2      | Reached ** piety under Trog
   832 | D:2      | Killed by an exploding kobold... ignited by their inner
                  | flame

Illustrated notes

Levels and vault maps discovered:
D:1:      psy_arrival_terrarium, layout_loops_ring, nicolae_nh_oracle_at_delphi
D:2:      layout_loops_corners, chequers_serial_rivers_micro_e

Skill      XL: |  1  2  3 |
---------------+----------+-----
Maces & Flails | 1 |  1.2
Fighting       | |  2.8
Dodging        | |  2.9
Unarmed Combat | |  3.3

Action                     || total
---------------------------++-------
  Melee: Mace              ||   107
         Unarmed           ||     6
         Punch             ||     1
    Use: Scroll            ||     2
         Potion            ||     1
 Armour: Robe              ||   100
         Animal skin       ||     1
  Dodge: Dodged            ||    86
